 Dungeon Crawl Stone Soup version 0.31-a0-618-g7ca08c1ff9 (webtiles) character file.

Game seed: 5191308923607191553

43 thirtiethelement the Trooper (level 3, -2/29 HPs)
             Began as a Demonspawn Cinder Acolyte on Aug 22, 2023.
             Was a High Priest of Ignis.
             Succumbed to Crazy Yiuf's poison
             ... on level 2 of the Dungeon.
             The game lasted 00:03:06 (1550 turns).

thirtiethelement the Trooper (DsCA)                 Turns: 1550, Time: 00:03:06

Health: -2/29      AC:  9    Str: 14    XL:     3   Next: 37%
Magic:  0/4        EV: 11    Int: 17    God:    Ignis [*****.]
Gold:   110        SH:  0    Dex:  8    Spells: 1/4 levels left

rFire   + . .        a - -1 hand axe (flame)
rCold   . . .        (no shield)
rNeg    . . .        b - +0 robe
rPois   .            (helmet restricted)
rElec   .            (no cloak)
rCorr   .            (no gloves)
SInv    .            (no boots)
Will    .....        (no amulet)
Stlth   +            (no ring)
HPRegen 0.24/turn    (no ring)
MPRegen 0.09/turn

%: no passive effects
@: lethally poisoned (-2 -> -32), fiery-armoured
A: antennae 1, low MP 1, wild magic 1
a: Renounce Religion, Fiery Armour, Foxfire Swarm, Rising Flame


You were on level 2 of the Dungeon.
You worshipped Ignis.
Ignis was extremely pleased with you.
You visited 1 branch of the dungeon, and saw 2 of its levels.

You collected 110 gold pieces.

Inventory:

Hand Weapons
 a - a -1 hand axe of flaming (weapon)
Armour
 b - a +0 robe (worn)
Jewellery
 e - an amulet of magic regeneration
Scrolls
 c - a scroll of fog {unknown}
 g - a scroll of fear {unknown}
 k - a scroll of identify {unknown}
Potions
 d - a potion of might {unknown}
 f - a potion of mutation
 h - a potion of lignification {unknown}
 i - a potion of brilliance {unknown}
 j - a potion of heal wounds {unknown}


   Skills:
 + Level 3.4 Fighting
 + Level 3.1 Axes
 + Level 0.1 Dodging
 + Level 1.2 Spellcasting
 + Level 0.3 Necromancy
 + Level 3.1 Fire Magic


You had one spell level left.
You knew the following spells:

 Your Spells              Type           Power      Damage    Failure   Level
a - Scorch                Fire           30%        2d6       13%         2
b - Necrotise             Necr           8%         1d4       26%         1

Your spell library contained the following spells:

 Spells                   Type           Power      Damage    Failure   Level
 Apportation              Tloc           2%         N/A       30%         1
 Summon Small Mammal      Summ           4%         N/A       30%         1
 Ignite Poison            Fire/Tmut/Pois 6%         N/A       47%         3
 Iskenderun's Mystic Bla  Conj/Tloc      1%         2d3       95%         4
 Irradiate                Conj/Tmut      0%         3d11      100%        5
 Starburst                Conj/Fire      4%         6d3       100%        6


Dungeon Overview and Level Annotations

Branches:
Dungeon (2/15)

Altars:

Annotations:
D:2 Crazy Yiuf


Innate Abilities, Weirdness & Mutations

You have a pair of small antennae on your head.
Your magical capacity is low. (-10% MP)
Your spells are a little harder to cast, but a little more powerful.


Message History

Casting: Necrotise (safe; 19% risk of failure)
Confirm with . or Enter, or press ? or * to list all spells.
Flames lash the ball python.
You kill the ball python!
Your magical contamination has completely faded away.
k - a scroll labelled XAACUG QIRAIR
Found a stone staircase leading up.
Found 2 stones.
You see here 6 stones.
You see here 6 stones.
There is an escape hatch in the ceiling here.
You open the door.
Casting: Scorch (safe; 9% risk of failure)
Confirm with . or Enter, or press ? or * to list all spells.
Flames lash Crazy Yiuf but do no damage.
Crazy Yiuf completely misses you.
Casting: Scorch (safe; 9% risk of failure)
Confirm with . or Enter, or press ? or * to list all spells.
Flames lash Crazy Yiuf.
Crazy Yiuf is lightly wounded.
Crazy Yiuf's fire resistance burns away.
Crazy Yiuf hits you with a +2 quarterstaff of chaos!
You are lethally poisoned!
Activating: Foxfire Swarm
Press: ? - help, Dir - look around, f - activate
Okay, then.
Casting: Scorch (safe; 9% risk of failure)
Confirm with . or Enter, or press ? or * to list all spells.
You don't have enough magic to cast this spell.
A protective cloak of flame settles atop you.
You feel very sick.
Crazy Yiuf hits you with a +2 quarterstaff of chaos.
* * * LOW HITPOINT WARNING * * *
You are more poisoned.
Crazy Yiuf is burned terribly!
Crazy Yiuf is burned by your cloak of flames.
Crazy Yiuf is moderately wounded.
It was a potion of mutation.
You feel extremely strange.
You feel less in control of your magic.
You feel less energetic.
You die...

#....####.## #....#
#..# #..P.# ##.#
#.PP## ##.## #####
##.## #...## ....##
#.## ###..#######
###..# ##.# ##.......#
##.#### #.## #######..
#....#### ##@# ### ##.
####....# #g# #.# #.
## ###### ...
#.####### ## .###
#...# #.......# ...#
#..)# #.......#
##.#### #####
#....#### ......###
####....#
###.....##############
#.##.####
##..).....#...#....#
#.##....#


You could see Crazy Yiuf (combustible).

Vanquished Creatures
  An adder (D:2)
  A dart slug (D:1)
  3 bats
  An endoplasm (D:1)
  A giant cockroach (D:1)
  3 goblins (D:1)
  3 hobgoblins (D:1)
  2 jackals (D:1)
  2 kobolds (D:1)
  3 quokkas
  3 ball pythons (D:2)
  2 frilled lizards (D:1)
  4 rats
29 creatures vanquished.

Vanquished Creatures (collateral kills)
  A goblin (D:2)
1 creature vanquished.

Grand Total: 30 creatures vanquished

Notes
Turn   | Place    | Note
-------+----------+-------------------------------------------
     0 | D:1      | thirtiethelement the Demonspawn Cinder Acolyte began the
                  | quest for the Orb.
     0 | D:1      | Reached XP level 1. HP: 18/18 MP: 2/2
    73 | D:1      | Gained mutation: You have a pair of small antennae on your
                  | head. [demonic ancestry]
    73 | D:1      | Reached XP level 2. HP: 9/24 MP: 3/3
   431 | D:1      | Learned a level 2 spell: Scorch
   479 | D:1      | Learned a level 1 spell: Necrotise
   602 | D:1      | Got the Lectures on Destructive Metamorphosis
   851 | D:2      | Reached XP level 3. HP: 29/29 MP: 0/4
  1149 | D:2      | Found a runed translucent door.
  1150 | D:2      | Noticed Crazy Yiuf
  1248 | D:2      | Found a faded altar of an unknown god.
  1550 | D:2      | Gained mutation: Your spells are a little harder to cast,
                  | but a little more powerful. [potion of mutation]
  1550 | D:2      | Gained mutation: Your magical capacity is low. (-10% MP)
                  | [potion of mutation]
  1550 | D:2      | Succumbed to Crazy Yiuf's poison

Illustrated notes

Levels and vault maps discovered:
D:1:      pf_arrival_petrified_forest, layout_basic
D:2:      layout_rooms, basic_ecumenical_altar, uniq_crazy_yiuf_cottage

Skill      XL: |  1  2 |
---------------+-------+-----
Fire Magic     | 3 |  3.1
Axes           | 3 |  3.1
Fighting       | |  3.4
Dodging        | |  0.1
Spellcasting   | |  1.2
Necromancy     | |  0.3

Action                     || total
---------------------------++-------
  Melee: Hand axe          ||    46
   Cast: Necrotise         ||    11
         Scorch            ||    12
 Invoke: Fiery Armour      ||     1
    Use: Potion            ||     1
 Armour: Robe              ||    16
  Dodge: Dodged            ||    39

Table legend: (Time is in decaauts)
 A = Elapsed time spent in this place.
 B = Non-inter-level travel time spent in this place.
 C = Inter-level travel time spent in this place.
 D = Time resting spent in this place.
 E = Time spent auto-exploring this place.
 F = Levels seen in this place.
 G = Mean time per level.
                   A        B        C        D        E       F      G
               +--------+--------+--------+--------+--------+-----+--------+
         Total |   1557 |   1542 |     15 |     73 |   1282 |   2 |  778.5 |
       Dungeon |   1557 |   1542 |     15 |     73 |   1282 |   2 |  778.5 |
               +--------+--------+--------+--------+--------+-----+--------+

Top non-repeatable levels by time:
     D:1: 849 daAuts
     D:2: 707 daAuts
